Cogmind - Beta 14 @@@ ROGUE MODE // 2024.11.07 @ 14:18:08 Player: Semiceri Result: Destroyed by G-34 Mercenary with Small Laser Performance ------------- Evolutions (1) 500 Regions Visited (2) 400 Robots Destroyed (32) 160 Value Destroyed (760) 760 Prototype IDs (0) 0 Alien Tech Used (0) 0 Bonus (0) 0 TOTAL SCORE: 1820 Bonus ------- None Cogmind --------- Core Integrity 0/400 Matter 300/300 Energy 100/100 System Corruption 7% Temperature Warm (105) Movement Core (700) Ox13 Location -9/Materials Parts ------- > --- POWER (1) -------- (None) > --- PROPULSION (3) --- (None) > --- UTILITY (3) ------ High-capacity Storage Unit > --- WEAPON (2) ------- (None) > --- INVENTORY (20) --- Improved Ion Engine Aluminum Leg Improved Hover Unit Heat Sink Core Shielding Datajack Peak State ------------ > --- POWER ------------ Ion Engine > --- PROPULSION ------- Aluminum Leg Wheel Wheel > --- UTILITY ---------- High-capacity Storage Unit Signal Interpreter Seismic Detector > --- WEAPON ----------- EM Shotgun Small Laser > --- INVENTORY -------- Improved Ion Engine Aluminum Leg Core Shielding EM Shotgun Small Laser EMP Blaster Datajack [Rating: 11] Favorites ----------- Power Light Ion Engine Engine Light Ion Engine Power Core Light Nuclear Core Propulsion Aluminum Leg Leg Aluminum Leg Wheel Wheel Utility High-capacity Storage Unit Device Seismic Detector Storage High-capacity Storage Unit Processor Signal Interpreter Weapon Grenade Launcher Energy Gun EM Pulse Gun Ballistic Gun Light Assault Rifle Launcher Grenade Launcher Build | -11 -10 -9 ------- Run | Yrd Mat Mat Slots Evolved 2 | . . 2 Power . | . . . Propulsion 1 | . . 1 Utility 1 | . . 1 Weapon . | . . . Parts Attached 35 | 7 7 21 Power 6 | 1 . 5 Engine 5 | 1 . 4 Core 1 | . . 1 Reactor . | . . . Propulsion 10 | 2 2 6 Treads . | . . . Leg 6 | 2 . 4 Wheel 4 | . 2 2 Hover . | . . . Flight . | . . . Utility 8 | 2 3 3 Device 4 | 1 1 2 Storage 2 | 1 1 . Processor 2 | . 1 1 Hackware . | . . . Protection . | . . . Artifact . | . . . Weapon 11 | 2 2 7 Energy Gun 7 | 1 1 5 Energy Cannon . | . . . Ballistic Gun 1 | 1 . . Ballistic Cannon . | . . . Launcher 3 | . 1 2 Special Weapon . | . . . Impact Weapon . | . . . Slashing Weapon . | . . . Piercing Weapon . | . . . Special Melee Weapon . | . . . Unidentified Prototypes . | . . . Parts Lost 22 | . 3 19 Power 4 | . 1 3 Propulsion 7 | . . 7 Utility 4 | . 1 3 Weapon 7 | . 1 6 Highest Loss Streak 9 | . 2 9 To Critical Strikes . | . . . Average Slot Usage (%) 82 | . 87 77 Engine 9 | . 10 8 Leg 18 | . 24 12 Wheel 6 | . 3 8 Device 8 | . 6 9 Storage 12 | . 13 11 Processor 6 | . 3 10 Energy Gun 12 | . 10 14 Launcher 7 | . 13 1 Peak Build Rating 11 | 7 7 11 Average Rating 6 | 4 6 8 On Entrance 3 | . 7 4 Naked Turns . | . . . Heaviest Build 50 | 9 49 50 Greatest Support 20 | 20 20 20 Greatest Overweight (x) 16 | . 2 16 Average Overweight (x) 1 | . 1 2 Largest Inventory Capacity 20 | 5 20 20 Average Capacity 15 | 5 13 20 Most Carried 9 | 4 8 9 Average Carried 4 | 2 5 5 Final Capacity 20 | 5 20 20 Final Carried 6 | 4 6 6 Class Distribution -------------------- 64% | Mutant 35% | Scavenger-Mutant Dominant Class ---------------- Mutant | -10/Materials Scavenger-Mutant | -9/Materials Resources | -11 -10 -9 ----------- Run | Yrd Mat Mat Matter Collected 606 | 317 36 253 Remotely . | . . . Salvage Created 818 | 89 98 631 Parts 79 | 7 19 53 Haulers Intercepted . | . . . Recyclers Shooed 3 | . 1 2 Parts Field Recycled . | . . . Retrieved Matter . | . . . Parts Self-Destructed . | . . . Prevented . | . . . Kills | -11 -10 -9 ------- Run | Yrd Mat Mat Combat Hostiles Destroyed 16 | 1 3 12 Guns 10 | 1 . 9 AOE 6 | . 3 3 Classes Destroyed 7 | 3 2 2 Worker 3 | 1 . 2 Builder 7 | . 4 3 Tunneler 1 | 1 . . Watcher 5 | . 2 3 Grunt 13 | 1 3 9 Duelist 1 | . . 1 Sentry 2 | . . 2 Best Kill Streak 7 | 2 5 7 Combat Bots Only 2 | 1 2 2 Max Kills in Single Turn 3 | 1 3 3 Gunslinging 1 | . . 1 Exploded 2 | . 1 2 Melee . | . . . Uniques/NPCs Destroyed . | . . . Combat | -11 -10 -9 -------- Run | Yrd Mat Mat Hostile Shots Fired 192 | 12 41 139 Missed 50 | 5 13 32 Damage Taken 1902 | 76 310 1516 Core 456 | . 52 404 Absorbed by Shields . | . . . Core Remaining (%) 89 | 100 79 . Volleys Fired 81 | 11 16 54 Largest 2 | 2 2 2 Hottest 85 | 60 70 85 Shots Fired 131 | 22 28 81 Gun 111 | 22 16 73 Cannon . | . . . Launcher 20 | . 12 8 Special . | . . . Kinetic 11 | 11 . . Thermal 58 | . . 58 Explosive 17 | . 12 5 Electromagnetic 45 | 11 16 18 Robot Hit Streak 6 | 5 6 6 Robot Miss Streak 6 | 2 6 6 Penetration Max . | . . . Secondary Targets 1 | . . 1 Max Gunslinging Chain 1 | . . 1 Shots Hit Robots 77 | 16 12 49 Core Hits 60 | 5 18 37 Critical Kills . | . . . Critical Parts Destroyed . | . . . Critical Strikes 1 | . 1 . Corrupt 1 | . 1 . Melee Attacks . | . . . Impact . | . . . Slashing . | . . . Piercing . | . . . Sneak Attacks . | . . . Combat Hostiles . | . . . Follow-up Attacks . | . . . Damage Inflicted 1947 | 233 694 1020 Guns 802 | 168 115 519 Cannons . | . . . Explosions 1145 | 65 579 501 Melee . | . . . Ramming . | . . . Kinetic 60 | 60 . . Thermal 507 | 65 40 402 Explosive 879 | . 539 340 Electromagnetic 501 | 108 115 278 Impact . | . . . Slashing . | . . . Piercing . | . . . Highest Corruption 7 | . . 7 Average Corruption 5 | . . 5 Corruption Purged . | . . . Corruption Blocked . | . . . Effects 2 | . . 2 Matter Fused 1 | . . 1 Heat Flow Errors 1 | . . 1 Overload Shots . | . . . Overflow Damage 24 | . 7 17 Projectiles . | . . . Explosions 24 | . 7 17 Melee . | . . . Knockbacks . | . . . Impact . | . . . Kinetic . | . . . Secondary . | . . . Self-Inflicted Damage 160 | . 58 102 Shots 7 | . 3 4 Rammed . | . . . Targets Rammed . | . . . Kicked . | . . . Crushed . | . . . Highest Temperature 222 | 70 63 222 Average Temperature 51 | 32 26 66 Received Heat Transfer 615 | 42 30 543 Siege Activations . | . . . Robots Corrupted . | . . . Combat Hostiles . | . . . Parts Fried . | . . . Impact Corruptions . | . . . Robots Melted . | . . . Combat Hostiles . | . . . Parts Melted 2 | . . 2 Heat Transferred 1050 | 100 50 900 Parts Sabotaged . | . . . Parts Stolen . | . . . Parts Stripped . | . . . Power Chain Reactions 4 | 1 1 2 Alert | -11 -10 -9 ------- Run | Yrd Mat Mat Peak Influence 226 | 30 213 226 Initial 20 | . 19 20 Average 100 | 14 100 131 Maximum Alert Level 1 | . 1 1 Low Security (%) 93 | 100 93 92 Level 1 6 | . 6 7 Level 2 . | . . . Level 3 . | . . . Level 4 . | . . . Level 5 . | . . . High Security . | . . . Max Security . | . . . Squads Dispatched 3 | . 1 2 Investigation 1 | . . 1 Extermination . | . . . Reinforcement 2 | . 1 1 Assault . | . . . Garrison . | . . . Intercept . | . . . Searches Triggered . | . . . Construction Impeded . | . . . Haulers Reinforced . | . . . Active Scanning Responses . | . . . Cargo Convoy Interrupts . | . . . Stealth | -11 -10 -9 --------- Run | Yrd Mat Mat Distress Signals 3 | . 2 1 Communications Jammed . | . . . Distress Signals . | . . . Times Spotted 38 | 1 14 23 Peak Tracking Total 5 | 1 5 4 Tactical Retreats 2 | . 2 . Traps | -11 -10 -9 ------- Run | Yrd Mat Mat Traps Triggered 1 | . . 1 Indirectly . | . . . Trap Hack Attempts . | . . . Triggered . | . . . Disarmed . | . . . Reprogrammed . | . . . Reused . | . . . Traps Extracted . | . . . Installed . | . . . Triggered . | . . . Machines | -11 -10 -9 ---------- Run | Yrd Mat Mat Machines Disabled 3 | . 2 1 Max in Single Turn 1 | . 1 1 Machines Repaired . | . . . Machines Dismantled . | . . . Machines Sabotaged . | . . . Overloaded Fab Kills . | . . . Hacking | -11 -10 -9 --------- Run | Yrd Mat Mat Machines Accessed 2 | . 1 1 Terminals 2 | . 1 1 Fabricators . | . . . Repair Stations . | . . . Recycling Units . | . . . Scanalyzers . | . . . Garrison Access . | . . . Total Hacks 3 | . 2 1 Successful 1 | . . 1 Failed 2 | . 2 . Catastrophic . | . . . Database Lockouts . | . . . Manual . | . . . Terminals 3 | . 2 1 Fabricators . | . . . Repair Stations . | . . . Recycling Units . | . . . Scanalyzers . | . . . Garrison Access . | . . . Terminal Hacks 1 | . . 1 Security Status 1 | . . 1 Fabricator Hacks . | . . . Repair Station Hacks . | . . . Recycling Unit Hacks . | . . . Scanalyzer . | . . . Garrison Access Hacks . | . . . Unauthorized Hacks . | . . . Terminals . | . . . Fabricators . | . . . Repair Stations . | . . . Recycling Units . | . . . Scanalyzers . | . . . Garrison Access . | . . . Data Cores Recovered . | . . . Used . | . . . Hacking Detections 1 | . 1 . Full Trace Events 1 | . 1 . Feedback Events . | . . . Feedback Blocked . | . . . Robot Schematics Acquired . | . . . Robots Built . | . . . Authchips . | . . . Time . | . . . Total Robot Build Rating . | . . . Part Schematics Acquired . | . . . Parts Built . | . . . Authchips . | . . . Time . | . . . Total Part Build Rating . | . . . Parts Repaired . | . . . Time . | . . . Parts Recycled . | . . . Recycled Matter . | . . . Retrieved Matter . | . . . Retrieved Components . | . . . Parts Scanalyzed . | . . . Part Schematics Acquired . | . . . Parts Damaged . | . . . Bothacking | -11 -10 -9 ------------ Run | Yrd Mat Mat Used RIF Installer . | . . . Robots Hacked . | . . . Non-combat . | . . . Combat . | . . . Robot Hacks Applied . | . . . Relay Couplers Released . | . . . Fabnet Peak Effective % . | . . . Robots Rewired . | . . . Allies Hacked . | . . . Hacks Repelled . | . . . Allies | -11 -10 -9 -------- Run | Yrd Mat Mat Total Allies . | . . . Largest Group . | . . . Highest-Rated Group . | . . . Highest-Rated Ally . | . . . Total Orders . | . . . Ally Attacks . | . . . Total Damage . | . . . Kills . | . . . Allies Corrupted . | . . . Allies Melted . | . . . Intel | -11 -10 -9 ------- Run | Yrd Mat Mat Robot Analysis Total . | . . . Derelict Logs Recovered . | . . . Drone Launches . | . . . Drone Recoveries . | . . . Exploration | -11 -10 -9 ------------- Run | Yrd Mat Mat Turns Passed 1741 | 263 723 755 Spaces Moved 886 | 198 417 271 Core 41 | 29 . 12 Treads . | . . . Legs 571 | 169 324 78 Wheels 274 | . 93 181 Hover . | . . . Flight . | . . . Fastest Speed 50 | 50 110 110 Average Speed 161 | 109 156 205 Slowest Speed 850 | 120 260 850 Overloaded Moves . | . . . Propulsion Burnouts . | . . . Robots Hopped . | . . . Cave-ins Triggered . | . . . Exploration Rate (%) 19 | 6 35 17 Regions Visited 2 Branch Regions . Pre-discovered Areas . | . . . Known Exits Taken . | . . . Unknown Exits Taken 2 | 1 1 . Scrap Searched . | . . . Spaces Dug . | . . . Terrain Destroyed 71 | . 42 29 Melee . | . . . Projectile . | . . . AOE 71 | . 42 29 Terrain Rammed . | . . . Walls Destroyed . | . . . Machines Disabled . | . . . Actions | -11 -10 -9 --------- Run | Yrd Mat Mat Total 1071 | 221 461 389 Wait 35 | . 5 30 Move 884 | 197 416 271 Hop . | . . . Pick Up 24 | 6 7 11 Fast Attach 12 | 5 2 5 Attach 15 | 2 1 12 Detach 4 | . 3 1 Swap 8 | . 4 4 Drop 8 | . 7 1 Fire 81 | 11 16 54 Melee . | . . . Ram . | . . . Kick . | . . . Crush . | . . . Escape Stasis . | . . . Rewire . | . . . Trap . | . . . Miscellaneous . | . . . Route ------- -11/Scrapyard -10/Materials -9/Materials (discovered 1 exit: [*Min]) History --------- Turn | Location | Event 2 | -11/Scrapyard | Met Revision 17 110 | -11/Scrapyard | Discovered new exit (range 8) 264 | -11/Scrapyard | Entered Materials 308 | -10/Materials | Build established: Mutant 976 | -10/Materials | Discovered new exit (range 8) 987 | -10/Materials | Entered another Materials area 987 | -9/Materials | Evolved 2 slots: Propulsion x1, Utility x1 1130 | -9/Materials | Lost 5 parts (1p2n1u1w) 1243 | -9/Materials | Core integrity fell below 50% 1402 | -9/Materials | Build established: Scavenger-Mutant 1413 | -9/Materials | Discovered new exit (range 15) 1512 | -9/Materials | Lost 4 parts (2n2w) 1729 | -9/Materials | Core integrity fell below 20% 1742 | -9/Materials | Destroyed by G-34 Mercenary with Small Laser Last Messages --------------- To regain energy, simply wait via the mouse wheel, '.', or KP5. Also make sure your per-turn energy generation is a net positive, and consider deactivating power-draining parts if not. EMP Blaster destroyed. K-01 Serf collects debris. Ion Engine destroyed. System corrupted by crushing effect (+2). Aluminum Leg destroyed. B-36 Bruiser destroyed. K-01 Serf collects debris. U-05 Engineer lays Concrete. K-01 Serf collects debris. K-01 Serf cleans the Neutrino Reactor. U-05 Engineer lays Concrete. Acquired 14 matter. U-05 Engineer lays Concrete. K-01 Serf collects debris. System corrupted: Heat flow error (+177). K-01 Serf collects debris. [Achievement: First Step to Greatness] Map ----- +----------------------------------------------------+ | ??????????????????????# ## # ## #???? | | ?????????????????????####+## # ## #???? | | ?????????????????????? # ! ## #???? | | ??????????????????????????## # ## #???? | | ??????????????????????????## %+ ! ## #???? | | ?????????????????########?## =# = ## #???? | | ?????????????????# # !# ## #???? | | ?????????????????# # *%########### #???? | | ?????????????????# # % % #???? | | ?????????????????# + % % #???? | | ?????????????????# # % | #???? | | ?????????????????# """"????# ################???? | | ???????????????????????????# #######????????????? | | ???????????????????????????# #?###??????????????? | | ???????????????????????????# #??????????????????? | | ???????????????????????????# #??????????????????? | | ????????????????#######????# #??????????????????? | | ????????????????#"""""#????# #??????????????????? | | ??????????????###""T""###### #??????????????????? | | ??????????????# ! #??????????????????? | | ??????????????# ! ##########?????????? | | ??????????????# # #?????????? | | ??????????????# # """ #?????????? | | ??????????????# """ # """ #?????????? | | |?????????????# """ # """ #?????????? | | ##+####### """ k@% # #?????????? | | ur k # " #?????????? | | < %a/ #?????????? | | % = # % #?????????? | | ##+####### g g [%!% # % #?????????? | | ??????????????###+#########+#######+####?????????? | | ????????????????????????? ### #????????????? | | ??????????????????????? #?# #????????????? | | ??????????????????????# #?# #????????????? | | ??????????????????????# #?# #????????????? | | ??????????????????????# !!! #?# #????????????? | | ??????????????????????# !!! #?# #????????????? | | ??????????????????????# !! #?? ?????????????? | | ??????????????????????# ?? ?????????????? | | ??????????????????????############? ?????????????? | | ??????????????????????????????????? ?????????????? | | ??????????????????????????????????? ?????????????? | | ??????????????????????????????????? ?????????????? | | ??????????????????????????????????? ?????????????? | | ?????????????????????????????????????????????????? | | ?????????????????????????????????????????????????? | | ?????????????????????????????????????????????????? | | ?????????????????????????????????????????????????? | | ?????????????????????????????????????????????????? | | ?????????????????????????????????????????????????? | +----------------------------------------------------+ Best States ------------- Heat Dissipation 28 Energy Generation 14 Energy Capacity 265 Matter Stores 398 Matter Capacity 400 Sight Range 16 Robot Scan Range 14 Terrain Scan Range 14 Terrain Scan Density 10 Evasion (%) 55 Targeting Accuracy 5 Item Schematics ----------------- None Robot Schematics ------------------ None Fabricated ------------ Nothing Alien Tech Used ----------------- None Achievements -------------- First Step to Greatness Storm Trooper Uninvited Guest Challenges ------------ None Game ------ Seed PointSpreadCanceller Manual? 0 Play Time 00:37:22 Cumulative 0.5 hours Start 2024.11.07 @ 13:38:25 End 2024.11.07 @ 14:18:08 Sessions 1 Manual Loads 0 Difficulty Rogue Special Mode None Game No. 1 Rogue 1 Adventurer 0 Explorer 0 Win Type - Total 0 Types 0/0/0/0/0/0/0/0/0 Lore% 0 Gallery% 2 Achievement% 1 Wizard Run 0 Options --------- Layout 1 ASCII 0 Keyboard 1 Movement Arrows Keybinds 0 Fullscreen 1 Font 32/SmallcapsGlow Map View 77x35 Zoom Use 0% Tactical HUD 0 Map Filters NONE Filters NONE Steam 1 RUN: 7d268407-7c5a-4913-b40b-b822aa26ea45